 Dungeon Crawl Stone Soup version 0.30.1-3-gfc49f6343a (webtiles) character file.

Game seed: 14995030532551189713

791 Descartes the Covert (level 7, -4/37 HPs)
             Began as a Spriggan Delver on July 20, 2023.
             Slain by a hornet (11 damage)
             ... on level 5 of the Dungeon.
             The game lasted 00:12:20 (5140 turns).

Descartes the Covert (Spriggan Delver)              Turns: 5140, Time: 00:12:21

Health: -4/37      AC:  6    Str: 11    XL:     7   Next: 57%
Magic:  0/11       EV: 20    Int: 11    God:
Gold:   257        SH:  0    Dex: 19    Spells: 5/10 levels left

rFire   + . .        r - +0 dagger (elec)
rCold   + . .        (no shield)
rNeg    . . .        A - +3 robe "Kewnasan" {rF+ rC+ Str+3}
rPois   .            (helmet restricted)
rElec   .            a - +0 cloak
rCorr   .            (gloves unavailable)
SInv    +            (boots unavailable)
Will    +....        k - amulet of guardian spirit
Stlth   +++++        z - ring of wizardry
HPRegen 0.26/turn    (no ring)
MPRegen 0.12/turn

%: guardian spirit, wizardry (x1)
@: slowed, quick
A: very small, no large weapons, unfitting armour, see invisible, speed 3
a: no special abilities


You were on level 5 of the Dungeon.
You visited 1 branch of the dungeon, and saw 5 of its levels.

You collected 257 gold pieces.

Inventory:

Hand Weapons
 l - a +0 dagger of holy wrath
 r - a +0 dagger of electrocution (weapon)
Missiles
 n - 5 curare-tipped darts (quivered)
 x - 4 boomerangs
Armour
 a - a +0 cloak (worn)
 A - the +3 robe "Kewnasan" (worn) {rF+ rC+ Str+3}
   (You found it on level 4 of the Dungeon)

   Str:       It affects your strength (+3).
   rF:        It protects you from fire.
   rC:        It protects you from cold.
Jewellery
 k - an amulet of guardian spirit (around neck)
 z - a ring of wizardry (left hand)
Wands
 g - a wand of digging (3)
Scrolls
 b - a scroll of enchant armour {unknown}
 c - 3 scrolls of fog
 d - a scroll of magic mapping
 e - 2 scrolls of fear
 h - 3 scrolls of teleportation {unknown}
 o - 3 scrolls of poison {unknown}
 p - 5 scrolls of identify {unknown}
 q - a scroll of noise {unknown}
 s - 2 scrolls of enchant weapon {unknown}
 y - a scroll of amnesia {unknown}
Potions
 f - 2 potions of haste
 i - 2 potions of might {unknown}
 j - 3 potions of curing {unknown}
 m - a potion of cancellation {unknown}
 t - a potion of invisibility {unknown}
 u - a potion of flight {unknown}
 v - 2 potions of lignification {unknown}
 w - a potion of brilliance {unknown}


   Skills:
 + Level 3.9 Fighting
 + Level 4.6 Short Blades
 + Level 5.4 Dodging
 * Level 9.8 Stealth
 + Level 2.1 Spellcasting
 + Level 2.6 Translocations
 + Level 2.2 Evocations


You had 5 spell levels left.
You knew the following spells:

 Your Spells              Type           Power      Damage    Failure   Level
a - Blink                 Tloc           12%        N/A       6%          2
b - Mephitic Cloud        Conj/Pois/Air  1%         N/A       32%         3

Your spell library contained the following spells:

 Spells                   Type           Power      Damage    Failure   Level
 Lesser Beckoning         Tloc           12%        N/A       6%          2
 Momentum Strike          Conj/Tloc      8%         3d8       11%         2
 Poisonous Vapours        Pois/Air       2%         N/A       17%         2
 Freezing Cloud           Conj/Ice/Air   0%         6-21      95%         5


Dungeon Overview and Level Annotations

Branches:
Dungeon (5/15)
 Temple: D:4-7

Altars:

Shops:
D:4 :


Innate Abilities, Weirdness & Mutations

You are very small and have problems with some larger weapons.
You are too small for most types of armour.
You have supernaturally acute eyesight. (SInv)
You cover ground extremely quickly. (Speed+++)


Message History

The arrow closely misses you.
You hit the orc.
The orc is heavily wounded.
The centaur shoots an arrow.
The arrow barely misses you. The orc misses you.
You hit the orc.
The orc is almost dead.
The centaur shoots an arrow.
The arrow closely misses you.
You hit the orc but do no damage.
The orc is almost dead.
The centaur shoots an arrow.
The arrow closely misses you. The orc barely misses you.
The orc closely misses you.
You hit the orc but do no damage. Lightning courses through the orc!
You kill the orc!
The centaur shoots an arrow.
The arrow closely misses you. The orc misses you.
The hornet closely misses you.
You hit the hornet but do no damage. Lightning courses through the hornet!
The hornet is heavily wounded.
The hornet barely misses you. The orc completely misses you.
The centaur shoots an arrow.
The arrow completely misses you.
You hit the hornet but do no damage.
The hornet is heavily wounded.
The hornet stings you but does no damage.
The centaur shoots an arrow.
The arrow hits you!
You closely miss the hornet.
The hornet is heavily wounded.
The hornet completely misses you. The orc barely misses you.
The centaur shoots an arrow.
The arrow hits you but does no damage.
You barely miss the hornet.
The hornet is heavily wounded.
The hornet closely misses you.
The centaur shoots an arrow.
The arrow hits you! The orc completely misses you. The hornet stings you.
You feel yourself slow down.
You are too injured to fight recklessly!
Unknown command.
The centaur shoots an arrow.
The arrow misses you. The hornet misses you.
The centaur shoots an arrow.
The arrow hits you!
* * * LOW HITPOINT WARNING * * *
The hornet closely misses you. The hornet attacks as you move away!
The hornet stings you!
You die...

### #...##..[........#....####.##
..####...............##.....#...#
...##.................#.........#
...#.......<..#.................
..............................#
.##..........#...............####
.............#....#.............#
..............#.#y.)....<..c.....
#....###........@o..............#
#......##...........#...........#
#......#............#........#...
...........#......#..........# ..
...........###....#............ .
.......#.......#...............#
..### #.......##.......#..#####
...# ................##$.. ##
...# #................## ##...


You could see a hornet and an orc.

Vanquished Creatures
  A centaur (D:5)
  2 ogres
  A phantom (D:5)
  A scorpion (D:3)
  A howler monkey (D:4)
  A gnoll bouda (D:3)
  An iguana (D:5)
  2 orc wizards
  Robin (D:4)
  7 adders
  8 gnolls (D:3)
  2 worms
  2 dart slugs
  14 orcs
  6 bats
  5 endoplasms
  A giant cockroach (D:3)
  17 goblins
  9 hobgoblins
  4 jackals (D:1)
  5 kobolds
  2 quokkas (D:3)
  10 ball pythons
  2 frilled lizards
  5 rats
110 creatures vanquished.

Notes
Turn   | Place    | Note
-------+----------+-------------------------------------------
     0 | D:5      | Descartes the Spriggan Delver began the quest for the Orb.
     0 | D:5      | Reached XP level 1. HP: 11/11 MP: 2/2
     6 | D:5      | Noticed an iguana
     7 | D:5      | Noticed a phantom
    44 | D:4      | Noticed a jelly
   169 | D:4      | Noticed a howler monkey
   191 | D:4      | Found Mimin's Book Boutique.
   197 | D:4      | Noticed a scorpion
   203 | D:4      | Noticed an ogre
   278 | D:2      | Reached XP level 2. HP: 14/16 MP: 3/3
   523 | D:1      | Reached XP level 3. HP: 19/19 MP: 4/4
  1454 | D:2      | Reached XP level 4. HP: 23/23 MP: 5/5
  2176 | D:3      | Reached skill level 8 in Stealth
  2439 | D:3      | Reached XP level 5. HP: 17/28 MP: 3/6
  2881 | D:3      | Found a faded altar of an unknown god.
  3332 | D:4      | Reached XP level 6. HP: 25/32 MP: 4/7
  3509 | D:3      | Learned a level 2 spell: Blink
  3513 | D:3      | Learned a level 3 spell: Mephitic Cloud
  3586 | D:3      | Reached skill level 9 in Stealth
  3586 | D:3      | Reached skill level 1 in Spellcasting
  3586 | D:3      | Reached skill level 1 in Translocations
  3586 | D:3      | Reached skill level 1 in Evocations
  3839 | D:4      | Identified the +3 robe "Kewnasan" {rF+ rC+ Str+3}
  4049 | D:4      | Reached skill level 5 in Dodging
  4179 | D:4      | Noticed Robin
  4221 | D:4      | Killed Robin
  4458 | D:5      | Noticed a hornet
  4697 | D:4      | Reached XP level 7. HP: 26/37 MP: 7/10
  5140 | D:5      | Slain by a hornet

Illustrated notes

Levels and vault maps discovered:
D:1:      scummos_arrival_checkerplants, layout_loops_cross, st_stairs_4
D:2:      layout_loops_corners
D:3:      layout_loops_ring, ebering_ecumenical_altar_abandoned
D:4:      layout_loops_ring, nicolae_stop_n_shop_1, minivault_24, uniq_robin
D:5:      layout_cave_pools, minmay_temple_entry_poolview

Skill      XL: |  1  2  3  4  5  6  7 |
---------------+----------------------+-----
Dodging        | 3 4 5 |  5.4
Short Blades   | 3 4 |  4.6
Fighting       | 3 |  3.9
Stealth        | 8 9 |  9.8
Spellcasting   | 1 2 |  2.1
Translocations | 1 2 |  2.6
Evocations     | 1 2 |  2.2

Action                     |  1- 3 |  4- 6 |  7- 9 || total
---------------------------+-------+-------+-------++-------
  Melee: Short sword       |    88 |       |       ||    88
         Dagger            |    27 |   291 |    57 ||   375
         Punch             |     1 |     2 |       ||     3
   Stab: Sleeping          |    16 |    10 |       ||    26
         Distracted        |       |     2 |       ||     2
 Armour: Robe              |     9 |    33 |    14 ||    56
  Dodge: Dodged            |    79 |   228 |    72 ||   379
